3AA
BETHESDA ATOMS @ AKRON BLIMPS
08/02/2039
 
TOP OF THE 1ST
Bethesda Atoms batting - Pitching for Akron Blimps : RHP Kazuhiko Higuchi
Pitching: RHP Kazuhiko Higuchi
Batting: LHB Robert Dawson 0-0: Called Strike
0-1: Ball
1-1: Ball
2-1: Ball
3-1: Called Strike
3-2: Fly out, F9 (Flyball, 89D, EV 101.2 MPH)
Batting: RHB Sasha Orlovsky 0-0: SOLO HOME RUN (Flyball, 7LD, EV 100.0 MPH), Distance : 328 ft
Batting: RHB Brent Leroy 0-0: Ground out 6-3 (Groundball, 6, EV 84.4 MPH)
Batting: RHB Andy Combs 0-0: Ball
1-0: Ball
2-0: SOLO HOME RUN (Flyball, 7D, EV 92.5 MPH), Distance : 348 ft
Batting: RHB Troy Clark 0-0: Ball
1-0: Swinging Strike
1-1: Fly out, F7 (Line Drive, 7, EV 92.5 MPH)
Top of the 1st over - 2 runs, 2 hits, 0 errors, 0 left on base; Bethesda 2 - Akron 0
BOTTOM OF THE 1ST
Akron Blimps batting - Pitching for Bethesda Atoms : LHP Armando Álvarez
Pitching: LHP Armando Álvarez
Batting: RHB Ernest Franks 0-0: Called Strike
0-1: Ball
1-1: Called Strike
1-2: Ball
2-2: Strikes out swinging
Batting: RHB Pedro Martínez 0-0: Swinging Strike
0-1: Ball
1-1: Ball
2-1: Ball
3-1: SINGLE (Flyball, 4MD, EV 93.1 MPH)
Batting: RHB Raffaello Dichio 0-0: Ball
1-0: Called Strike
1-1: Ball
2-1: Called Strike
2-2: SINGLE (Line Drive, 78S, EV 92.5 MPH)
Pedro Martínez to second
Runner from 2nd tries for 3rd, SAFE, throw by LF made to third
Batting: RHB Germán Gracía 0-0: Ball
1-0: Ball
2-0: Called Strike
2-1: Foul Ball, location: 2F
2-2: Foul Ball, location: 2F
2-2: Fly out, F7 (Flyball, 7LS, EV 93.8 MPH)
Batting: LHB Roberto Vázquez 0-0: Called Strike
0-1: Foul Ball, location: 2F
0-2: Ground out 3-1 (Groundball, 34, EV 95.0 MPH)
Bottom of the 1st over - 0 runs, 2 hits, 0 errors, 2 left on base; Bethesda 2 - Akron 0
TOP OF THE 2ND
Bethesda Atoms batting - Pitching for Akron Blimps : RHP Kazuhiko Higuchi
Batting: RHB Scipione Borghese 0-0: Called Strike
0-1: Foul Ball, location: 2F
0-2: Strikes out swinging
Batting: RHB Conor Culver 0-0: Foul Ball, location: 2F
0-1: Ball
1-1: Ball
2-1: Called Strike
2-2: Foul Ball, location: 2F
2-2: Foul Ball, location: 2F
2-2: DOUBLE (Line Drive, 89M, EV 92.5 MPH)
Batting: RHB Raúl Núñez 0-0: Ball
1-0: SINGLE (Groundball, 6, EV 86.2 MPH) (infield hit)
Conor Culver to third
Batting: RHB Wilson Mitchell 0-0: Fly out, F7 (Flyball, 78M, EV 87.5 MPH)
Runner from 3rd tags up, SCORES, throw by LF
Batting: LHB Robert Dawson 0-0: Called Strike
0-1: Ball
1-1: Swinging Strike
1-2: Strikes out swinging
Top of the 2nd over - 1 run, 2 hits, 0 errors, 1 left on base; Bethesda 3 - Akron 0
BOTTOM OF THE 2ND
Akron Blimps batting - Pitching for Bethesda Atoms : LHP Armando Álvarez
Batting: LHB Fernando Negrete 0-0: Foul Ball, location: 2F
0-1: Ground out 6-3 (Groundball, 6S, EV 81.9 MPH)
Batting: LHB Pedro Guerrero 0-0: Fly out, F7 (Flyball, 7LD, EV 106.2 MPH)
Batting: RHB Jim Robbins 0-0: Ball
1-0: Called Strike
1-1: Ball
2-1: Fly out, F6 (Flyball, 6MD, EV 85.6 MPH)
Bottom of the 2nd over - 0 runs, 0 hits, 0 errors, 0 left on base; Bethesda 3 - Akron 0
TOP OF THE 3RD
Bethesda Atoms batting - Pitching for Akron Blimps : RHP Kazuhiko Higuchi
Batting: RHB Sasha Orlovsky 0-0: Fly out, F4 (Flyball, 4D, EV 70.6 MPH)
Batting: RHB Brent Leroy 0-0: Ball
1-0: Swinging Strike
1-1: Ball
2-1: Swinging Strike
2-2: Foul Ball, location: 2F
2-2: Strikes out swinging
Batting: RHB Andy Combs 0-0: Called Strike
0-1: Swinging Strike
0-2: Ball
1-2: Ball
2-2: Ball
3-2: Foul Ball, location: 2F
3-2: SINGLE (Groundball, 4MD, EV 99.4 MPH)
Batting: RHB Troy Clark 0-0: Swinging Strike
0-1: Called Strike
0-2: Ball
1-2: Foul Ball, location: 2F
1-2: Foul Ball, location: 2F
1-2: Strikes out swinging
Top of the 3rd over - 0 runs, 1 hit, 0 errors, 1 left on base; Bethesda 3 - Akron 0
BOTTOM OF THE 3RD
Akron Blimps batting - Pitching for Bethesda Atoms : LHP Armando Álvarez
Batting: LHB Aklilu Heri 0-0: Called Strike
0-1: Ball
1-1: Ball
2-1: Ball
3-1: Foul Ball, location: 2F
3-2: Foul Ball, location: 2F
3-2: Fly out, F7 (Flyball, 7S, EV 73.1 MPH)
Batting: RHB Ernest Franks 0-0: Foul Ball, location: 2F
0-1: Fly out, F8 (Flyball, 8LXD, EV 90.0 MPH)
Batting: RHB Pedro Martínez 0-0: Called Strike
0-1: Ball
1-1: Ball
2-1: Fly out, F9 (Flyball, 9LMF, EV 93.8 MPH)
Bottom of the 3rd over - 0 runs, 0 hits, 0 errors, 0 left on base; Bethesda 3 - Akron 0
TOP OF THE 4TH
Bethesda Atoms batting - Pitching for Akron Blimps : RHP Kazuhiko Higuchi
Batting: RHB Scipione Borghese 0-0: Ball
1-0: SINGLE (Groundball, 34D, EV 102.5 MPH)
Batting: RHB Conor Culver 0-0: Swinging Strike
0-1: Ball
1-1: Ball
2-1: Grounds out, U3 (Groundball, 3L, EV 83.8 MPH)
Batting: RHB Raúl Núñez 0-0: Ball
1-0: SINGLE (Line Drive, 9S, EV 100.6 MPH)
Scipione Borghese to third
Batting: RHB Wilson Mitchell 0-0: Foul Ball, location: 2F
0-1: Ball
1-1: Foul Ball, location: 2F
1-2: Foul Ball, location: 2F
1-2: Ball
2-2: Foul Ball, location: 2F
2-2: Strikes out swinging
Batting: LHB Robert Dawson 0-0: Ball
1-0: Ball
2-0: Ground out 4-3 (Groundball, 4, EV 108.8 MPH)
Top of the 4th over - 0 runs, 2 hits, 0 errors, 2 left on base; Bethesda 3 - Akron 0
BOTTOM OF THE 4TH
Akron Blimps batting - Pitching for Bethesda Atoms : LHP Armando Álvarez
Batting: RHB Raffaello Dichio 0-0: Ball
1-0: Called Strike
1-1: Ball
2-1: Ball
3-1: DOUBLE (Line Drive, 89M, EV 99.4 MPH)
Batting: RHB Germán Gracía 0-0: Ball
1-0: Swinging Strike
1-1: Foul Ball, location: 2F
1-2: Strikes out swinging
Batting: LHB Roberto Vázquez 0-0: Foul Ball, location: 2F
0-1: Foul Ball, location: 2F
0-2: Ball
1-2: Ball
2-2: Foul Ball, location: 2F
2-2: Ball
3-2: Ground out 4-3 (Groundball, 4, EV 89.4 MPH)
Raffaello Dichio to third
Batting: LHB Fernando Negrete 0-0: Ball
1-0: SINGLE (Groundball, 56D, EV 103.1 MPH)
Raffaello Dichio scores
Batting: LHB Pedro Guerrero 0-0: DOUBLE (Line Drive, 78M, EV 102.5 MPH)
Fernando Negrete to third
Runner from 3rd tries for Home, SAFE, no throw by CF
Batting: RHB Jim Robbins 0-0: Ball
1-0: Ball
2-0: Foul Ball, location: 2F
2-1: Ball
3-1: Swinging Strike
3-2: Strikes out looking
Bottom of the 4th over - 2 runs, 3 hits, 0 errors, 1 left on base; Bethesda 3 - Akron 2
TOP OF THE 5TH
Bethesda Atoms batting - Pitching for Akron Blimps : RHP Kazuhiko Higuchi
Batting: RHB Sasha Orlovsky 0-0: Foul Ball, location: 2F
0-1: Foul Ball, location: 2F
0-2: Ground out 6-3 (Groundball, 6, EV 109.4 MPH)
Batting: RHB Brent Leroy 0-0: Foul Ball, location: 2F
0-1: Ball
1-1: Foul Ball, location: 2F
1-2: Foul Ball, location: 2F
1-2: Ball
2-2: Ground out 6-3 (Groundball, 6, EV 81.9 MPH)
Batting: RHB Andy Combs 0-0: Called Strike
0-1: Foul Ball, location: 2F
0-2: Ball
1-2: Ball
2-2: Foul Ball, location: 2F
2-2: Ball
3-2: Base on Balls
Batting: RHB Troy Clark 0-0: Called Strike
0-1: Ball
1-1: Swinging Strike
1-2: Ball
2-2: Strikes out looking
Top of the 5th over - 0 runs, 0 hits, 0 errors, 1 left on base; Bethesda 3 - Akron 2
BOTTOM OF THE 5TH
Akron Blimps batting - Pitching for Bethesda Atoms : LHP Armando Álvarez
Batting: LHB Aklilu Heri 0-0: Ball
1-0: Ball
2-0: Called Strike
2-1: Ball
3-1: Foul Ball, location: 2F
3-2: Fly out, F8 (Flyball, 8LM, EV 97.5 MPH)
Batting: RHB Ernest Franks 0-0: Ball
1-0: Swinging Strike
1-1: Foul Ball, location: 2F
1-2: Strikes out swinging
Batting: RHB Pedro Martínez 0-0: Ball
1-0: Fly out, F8 (Flyball, 8LS, EV 89.4 MPH)
Bottom of the 5th over - 0 runs, 0 hits, 0 errors, 0 left on base; Bethesda 3 - Akron 2
TOP OF THE 6TH
Bethesda Atoms batting - Pitching for Akron Blimps : RHP Kazuhiko Higuchi
Batting: RHB Scipione Borghese 0-0: Ball
1-0: Called Strike
1-1: SINGLE (Line Drive, 89S, EV 93.1 MPH)
Batting: RHB Conor Culver 0-0: Ball
Scipione Borghese steals 2nd base
1-0: Ball
2-0: Sac Bunt to 5S - play at first, batter safe!
Scipione Borghese to third
Batting: RHB Raúl Núñez 0-0: Ball
1-0: Called Strike
Conor Culver steals 2nd base
1-1: Ball
2-1: Ball
3-1: Fly out, F8 (Flyball, 8LM, EV 91.9 MPH)
Runner from 3rd tags up, OUT at HOME! 8-2
Conor Culver to third
Batting: RHB Wilson Mitchell 0-0: Called Strike
0-1: Ball
1-1: SINGLE (Groundball, 6D, EV 98.8 MPH)
Conor Culver scores
Batting: LHB Robert Dawson 0-0: SINGLE (Groundball, 34S, EV 67.5 MPH) (infield hit)
Wilson Mitchell to second
Batting: RHB Sasha Orlovsky 0-0: Fly out, F7 (Line Drive, 7, EV 96.9 MPH)
Top of the 6th over - 1 run, 4 hits, 0 errors, 2 left on base; Bethesda 4 - Akron 2
BOTTOM OF THE 6TH
Akron Blimps batting - Pitching for Bethesda Atoms : LHP Armando Álvarez
Batting: RHB Raffaello Dichio 0-0: Called Strike
0-1: SINGLE (Flyball, 89S, EV 93.8 MPH)
Batting: RHB Germán Gracía 0-0: Called Strike
0-1: Ball
1-1: Fielders Choice at 2nd, 5-4 (Groundball, 56, EV 109.4 MPH)
Batting: LHB Roberto Vázquez 0-0: Foul Ball, location: 2F
0-1: Ball
1-1: Foul Ball, location: 2F
1-2: Foul Ball, location: 2F
1-2: Ball
2-2: Ball
3-2: Foul Ball, location: 2F
3-2: Fly out, F6 (Flyball, 56D, EV 95.6 MPH)
Pitching: RHP Jason Galloway
Batting: LHB Fernando Negrete 0-0: Called Strike
0-1: Ball
1-1: Ball
2-1: Ball
3-1: Base on Balls
Germán Gracía to second
Batting: LHB Pedro Guerrero 0-0: Foul Ball, location: 2F
0-1: Foul Ball, location: 2F
0-2: Ball
1-2: SINGLE (Line Drive, 34D, EV 96.9 MPH)
Germán Gracía to third
Fernando Negrete to second
Runner from 3rd tries for Home, SAFE, no throw by RF
Batting: RHB Jim Robbins 0-0: Called Strike
0-1: Called Strike
0-2: Ball
1-2: Ball
2-2: Foul Ball, location: 2F
2-2: Strikes out looking
Bottom of the 6th over - 1 run, 2 hits, 0 errors, 2 left on base; Bethesda 4 - Akron 3
TOP OF THE 7TH
Bethesda Atoms batting - Pitching for Akron Blimps : RHP Kazuhiko Higuchi
Batting: RHB Brent Leroy 0-0: Ball
1-0: Foul Ball, location: 2F
1-1: Foul Ball, location: 2F
1-2: Ball
2-2: Strikes out swinging
Pitching: RHP Hans Rager
Batting: RHB Andy Combs 0-0: Swinging Strike
0-1: Foul Ball, location: 2F
0-2: Ball
1-2: Ball
2-2: Strikes out swinging
Batting: RHB Troy Clark 0-0: Swinging Strike
0-1: Foul Ball, location: 2F
0-2: Ball
1-2: Strikes out swinging
Top of the 7th over - 0 runs, 0 hits, 0 errors, 0 left on base; Bethesda 4 - Akron 3
BOTTOM OF THE 7TH
Akron Blimps batting - Pitching for Bethesda Atoms : RHP Jason Galloway
Batting: LHB Aklilu Heri 0-0: Called Strike
0-1: SINGLE (Line Drive, 78M, EV 96.9 MPH)
Batting: RHB Ernest Franks 0-0: Bunted foul
0-1: Bunt missed!
0-2: Ball
1-2: Fly out, F9 (Flyball, 89S, EV 96.9 MPH)
Pinch Hitting: LHB Pat Carter 0-0: Ball
1-0: Called Strike
1-1: Ball
2-1: Foul Ball, location: 2F
2-2: Ball
3-2: Foul Ball, location: 2F
3-2: Base on Balls
Aklilu Heri to second
Batting: RHB Raffaello Dichio 0-0: Called Strike
0-1: Swinging Strike
0-2: Strikes out swinging
Batting: RHB Germán Gracía 0-0: Ball
1-0: Ball
2-0: Foul Ball, location: 2F
2-1: Fly out, F7 (Line Drive, 78M, EV 101.2 MPH)
Bottom of the 7th over - 0 runs, 1 hit, 0 errors, 2 left on base; Bethesda 4 - Akron 3
TOP OF THE 8TH
Bethesda Atoms batting - Pitching for Akron Blimps : RHP Hans Rager
Now in CF: Pat Carter
Batting: RHB Scipione Borghese 0-0: Called Strike
0-1: Swinging Strike
0-2: Foul Ball, location: 2F
0-2: Strikes out swinging
Batting: RHB Conor Culver 0-0: Ball
1-0: Ball
2-0: Foul Ball, location: 2F
2-1: Foul Ball, location: 2F
2-2: Ball
3-2: Strikes out swinging
Batting: RHB Raúl Núñez 0-0: Ball
1-0: SINGLE (Groundball, 56D, EV 102.5 MPH)
Batting: RHB Wilson Mitchell 0-0: Called Strike
0-1: 2-RUN HOME RUN (Flyball, 7D, EV 87.5 MPH), Distance : 343 ft
Batting: LHB Robert Dawson 0-0: Called Strike
0-1: Called Strike
0-2: Strikes out looking
Top of the 8th over - 2 runs, 2 hits, 0 errors, 0 left on base; Bethesda 6 - Akron 3
BOTTOM OF THE 8TH
Akron Blimps batting - Pitching for Bethesda Atoms : RHP Jason Galloway
Batting: LHB Roberto Vázquez 0-0: Ball
1-0: Called Strike
1-1: Foul Ball, location: 2F
1-2: Ball
2-2: Fly out, F7 (Flyball, 7LS, EV 75.6 MPH)
Batting: LHB Fernando Negrete 0-0: Ball
1-0: Ball
2-0: Ball
3-0: Base on Balls
Pitching: RHP Kunimatsu Taue
Batting: LHB Pedro Guerrero 0-0: Called Strike
0-1: Ball
1-1: Ball
2-1: Foul Ball, location: 2F
2-2: Ball
3-2: Ground out 5-3 (Groundball, 56, EV 98.8 MPH)
Fernando Negrete to second
Batting: RHB Jim Robbins 0-0: Ball
1-0: Ball
2-0: Called Strike
2-1: SINGLE (Line Drive, 8RS, EV 110.0 MPH)
Fernando Negrete to third
Runner from 3rd tries for Home, throw by CF and OUT! 8-2
Bottom of the 8th over - 0 runs, 1 hit, 0 errors, 1 left on base; Bethesda 6 - Akron 3
TOP OF THE 9TH
Bethesda Atoms batting - Pitching for Akron Blimps : RHP Hans Rager
Pitching: LHP Mamadou Boutin
Batting: RHB Sasha Orlovsky 0-0: Called Strike
0-1: Ball
1-1: Foul Ball, location: 2F
1-2: Ground out 6-3 (Groundball, 6, EV 108.1 MPH)
Batting: RHB Brent Leroy 0-0: Ball
1-0: Ball
2-0: Called Strike
2-1: Foul Ball, location: 2F
2-2: Strikes out swinging
Batting: RHB Andy Combs 0-0: Called Strike
0-1: DOUBLE (Flyball, 8LXD, EV 104.4 MPH)
Batting: RHB Troy Clark 0-0: Called Strike
0-1: Swinging Strike
0-2: Ball
1-2: Ball
2-2: Strikes out swinging
Top of the 9th over - 0 runs, 1 hit, 0 errors, 1 left on base; Bethesda 6 - Akron 3
BOTTOM OF THE 9TH
Akron Blimps batting - Pitching for Bethesda Atoms : RHP Kunimatsu Taue
Pitching: LHP François Boyer
Batting: LHB Aklilu Heri 0-0: Ground out 4-3 (Groundball, 4S, EV 66.9 MPH)
Batting: RHB Ernest Franks 0-0: Fly out, F7 (Flyball, 78S, EV 78.8 MPH)
Batting: LHB Pat Carter 0-0: Called Strike
0-1: Foul Ball, location: 2F
0-2: Ball
1-2: Foul Ball, location: 2F
1-2: Ball
2-2: Ball
3-2: Base on Balls
Batting: RHB Raffaello Dichio Pickoff Throw to First - Error! E1
Pat Carter to second
0-0: Swinging Strike
0-1: Fly out, F9 (Line Drive, 9LM, EV 87.5 MPH)
Bottom of the 9th over - 0 runs, 0 hits, 1 error, 1 left on base; Bethesda 6 - Akron 3
Wednesday, July 8th, 2020 - OOTP Baseball 20.8 Build 74